 Dungeon Crawl Stone Soup version 0.31-a0-344-gd109795599 (webtiles) character file.

Game seed: 4423255325159319325

680 LeprechaunX the Ruffian (level 7, -1/46 HPs)
             Began as an Octopode Shapeshifter on July 22, 2023.
             Slain by an orc wizard
             ... wielding a +0 dagger
              (3 damage)
             ... on level 6 of the Dungeon.
             The game lasted 00:04:33 (3571 turns).

LeprechaunX the Ruffian (Octopode Shapeshifter)     Turns: 3571, Time: 00:04:33

Health: -1/46      AC:  1    Str: 22    XL:     7   Next: 60%
Magic:  7/7        EV: 14    Int: 11    God:
Gold:   313        SH:  0    Dex: 12    Spells: 6/6 levels left

rFire   + .          .
                       - Unarmed
rCold   . . .        (no shield)
rNeg    . . .        (helmet currently unavailable)
rPois   .            (no amulet)
rElec   .            g - +6 ring of strength
rCorr   .            p - ring of protection from fire
SInv    .            (no ring)
Will    .....        (no ring)
Stlth   ++           (no ring)
HPRegen 0.27/turn    (no ring)
MPRegen 0.10/turn    (no ring)
                     (no ring)

%: no passive effects
@: beast-form
A: beast (slay +2), almost no armour, amphibious, 8 rings, camouflage 1,
gelatinous body 1, (nimble swimmer 1), tentacles
a: Begin Untransformation


You were on level 6 of the Dungeon.
You were a hulking beast.
You visited 2 branches of the dungeon, and saw 7 of its levels.

You collected 313 gold pieces.

Inventory:

Missiles
 s - 5 javelins
 t - 4 throwing nets
Jewellery
 g - a +6 ring of strength (left tentacle)
 p - a ring of protection from fire (right tentacle)
Talismans
 b - a beast talisman
Wands
 n - a wand of flame (17)
Scrolls
 c - 3 scrolls of amnesia {unknown}
 e - 4 scrolls of identify {unknown}
 f - 3 scrolls of vulnerability {unknown}
 h - a scroll of poison {unknown}
 k - a scroll of enchant weapon {unknown}
 l - 2 scrolls of teleportation {unknown}
 m - 3 scrolls of blinking {unknown}
 u - a scroll of butterflies {unknown}
Potions
 a - a potion of lignification
 d - 4 potions of magic {unknown}
 i - a potion of ambrosia {unknown}
 j - a potion of curing {unknown}
 o - a potion of enlightenment {unknown}
 q - a potion of invisibility {unknown}
 r - a potion of heal wounds {unknown}
 v - a potion of mutation {unknown}


   Skills:
 + Level 3.6 Fighting
 - Level 4.0 Dodging
 * Level 5.9 Unarmed Combat
 + Level 4.2 Shapeshifting


You had 6 spell levels left.
You didn't know any spells.
Your spell library contained the following spells:

 Spells                   Type           Power      Damage    Failure   Level
 Ozocubu's Armour         Ice            0%         N/A       71%         3
 Portal Projectile        Hex/Tloc       0%         N/A       71%         3
 Tukima's Dance           Hex            0%         N/A       71%         3
 Iskenderun's Mystic Bla  Conj/Tloc      0%         2d3       98%         4
 Metabolic Englaciation   Hex/Ice        0%         N/A       100%        5
 Simulacrum               Ice/Necr       0%         N/A       100%        6


Dungeon Overview and Level Annotations

Branches:
Dungeon (6/15)             Temple (1/1) D:5

Altars:
Ashenzari
Elyvilon
Fedhas
Gozag
Hepliaklqana
Makhleb
Nemelex Xobeh
Okawaru
Qazlal
Sif Muna
Trog
Vehumet
Wu Jian
Xom
Yredelemnul
Zin

Shops:
D:4 :

Annotations:
D:4 3 runed translucent doors, quinnr's ghost, amateur TeCj


Innate Abilities, Weirdness & Mutations

You are a hulking beast.
Your limbs bulge with bestial killing power. (Slay +2)
You cannot wear most types of armour.
You are amphibious.
You can wear up to eight rings at the same time.
Your skin changes colour to match your surroundings (Stealth+).
Your rubbery body absorbs attacks. (AC +1, EV +1)
((You are camouflaged when in or above water. (Stealth+)))
You have tentacles for arms and can constrict up to eight enemies at once.


Message History

You kill the orc wizard!
You tentacle-slap the gnoll. Your grab misses the gnoll.
The gnoll is lightly wounded.
The gnoll barely misses you.
You barely miss the gnoll. You grab the gnoll. You tentacle-slap the gnoll!
The gnoll is severely wounded.
You constrict the gnoll.
You hear some strange, mumbled words.
Something tries to affect you, but you resist.
The gnoll closely misses you.
Unknown command.
You completely miss the gnoll. You squeeze the gnoll.
You kill the gnoll!
You hear some strange, mumbled words.
Something tries to affect you, but you resist.
You closely miss something.
You hear some strange, mumbled words.
A puff of flame appears from out of thin air!
The puff of flame hits you. You resist.
* * * LOW HITPOINT WARNING * * *
A gnoll comes into view. It is wielding a +0 spear.
The gnoll shouts!
You tentacle-slap something. You squeeze something.
You hear a shout!
You closely miss something. You tentacle-slap the orc. You grab the orc.
You squeeze the orc, but do no damage.
The orc is almost dead.
You constrict the orc.
You kill the orc!
The gnoll throws a javelin.
The javelin pierces through you.
* * * LOW HITPOINT WARNING * * *
Something hits you.
* * * LOW HITPOINT WARNING * * *
The gnoll closely misses you.
Items here: ))) [ †.
You tentacle-slap the gnoll. You grab the gnoll.
The gnoll is moderately wounded.
You constrict the gnoll. Something hits you.
You die...

..............(######
.........[...#.#
..........#.#.#
.......#.#.#######.#
..######.#.†..<....#
. #####.###########
#. #...[.# #..
#.##### #...##.#)h.#
#.(....#g#)#
#..##.....[# #
#..)...# #......#
#.......# #.......#
#.......# #.#####..


You could see a gnoll.

Vanquished Creatures
  Grinder (D:5)
  A kobold brigand (D:5)
  2 scorpions (D:5)
  A jelly (D:4)
  2 iguanas
  An orc wizard (D:6)
  6 gnolls
  5 adders
  A dart slug (D:2)
  7 orcs
  8 endoplasms
  3 giant cockroaches
  2 goblins (D:1)
  9 hobgoblins
  A quokka (D:5)
  8 ball pythons
  8 bats
  7 frilled lizards
  13 kobolds
  2 rats
88 creatures vanquished.

Vanquished Creatures (others)
  A white imp (D:6)
1 creature vanquished.

Grand Total: 89 creatures vanquished

Notes
Turn   | Place    | Note
-------+----------+-------------------------------------------
     0 | D:1      | LeprechaunX the Octopode Shapeshifter began the quest for
                  | the Orb.
     0 | D:1      | Reached XP level 1. HP: 13/13 MP: 1/1
   116 | D:1      | Reached XP level 2. HP: 18/18 MP: 2/2
   240 | D:1      | Reached XP level 3. HP: 18/23 MP: 3/3
  1205 | D:3      | Found a burning altar of Makhleb.
  1386 | D:3      | Reached XP level 4. HP: 27/29 MP: 4/4
  1501 | D:3      | Found an opulent altar of Gozag.
  1914 | D:4      | Found a runed translucent gate.
  1914 | D:4      | Found a runed translucent gate.
  1914 | D:4      | Found a runed translucent gate.
  1915 | D:4      | Found an opulent altar of Gozag.
  1915 | D:4      | Noticed a hornet
  1915 | D:4      | Noticed quinnr's ghost (amateur TeCj)
  1915 | D:4      | Noticed a phantom
  2062 | D:4      | Reached skill level 4 in Unarmed Combat
  2087 | D:4      | Found Qukuix's Self-Improvement Boutique.
  2176 | D:4      | Reached XP level 5. HP: 34/34 MP: 5/5
  2573 | D:5      | Entered Level 5 of the Dungeon
  2601 | D:5      | Noticed Grinder
  2624 | D:5      | Killed Grinder
  2625 | D:5      | Reached skill level 5 in Unarmed Combat
  2625 | D:5      | Reached XP level 6. HP: 19/41 MP: 6/6
  2818 | D:5      | Found a staircase to the Ecumenical Temple.
  2839 | Temple   | Entered the Ecumenical Temple
  2893 | D:5      | Reached XP level 7. HP: 38/46 MP: 7/7
  2953 | D:5      | Found a sparkling altar of Nemelex Xobeh.
  2964 | D:5      | Found a basalt altar of Yredelemnul.
  3208 | D:5      | Found a broken altar of Ashenzari.
  3477 | D:6      | Found a stormy altar of Qazlal.
  3477 | D:6      | Noticed a steam dragon
  3478 | D:6      | Found a shimmering blue altar of Sif Muna.
  3478 | D:6      | Found a hazy altar of Hepliaklqana.
  3570 | D:6      | HP: 2/46 [something (3)]
  3571 | D:6      | Slain by an orc wizard

Illustrated notes

Levels and vault maps discovered:
D:1:      dpeg_arrival_round_b, layout_rooms
D:2:      minmay_general_purpose_star, layout_basic, serial_park_tiny_1,
          minmay_misc_feat_rows
D:3:      layout_basic, mainiacjoe_overflow_boulevard,
          mainiacjoe_overflow_concentric_impassable, grunt_decor_one_mirror
D:4:      layout_basic, ebering_ghost_gozag, nicolae_shop_self_help
D:5:      layout_gridville, amethyst_overflow_temple_binary,
          general_overflow_altar, minmay_temple_entry_offerings,
          lexackson_kobold_supper, uniq_grinder
D:6:      layout_basic, gammafunk_temple_overflow_forgotten,
          portal_sewer_entry_d, uniq_blork_the_orc
Temple:   hellmonk_temple_micro_hex

Skill      XL: |  1  2  3  4  5  6  7 |
---------------+----------------------+-----
Fighting       | 2 3 |  3.6
Unarmed Combat | 4 5 |  5.9
Dodging        | 3 4 |  4.0
Shapeshifting  | 4 |  4.2

Action                     |  1- 3 |  4- 6 |  7- 9 || total
---------------------------+-------+-------+-------++-------
  Melee: Unarmed           |    70 |    50 |    40 ||   160
         Constrict         |    14 |    14 |    16 ||    44
         Tentacles         |    11 |    12 |    15 ||    38
         Punch             |       |     3 |     2 ||     5
   Stab: Sleeping          |     5 |     3 |       ||     8
         Distracted        |     1 |       |       ||     1
 Armour: Skin              |     4 |     1 |       ||     5
  Dodge: Dodged            |    38 |    21 |    24 ||    83

Table legend: (Time is in decaauts)
 A = Elapsed time spent in this place.
 B = Non-inter-level travel time spent in this place.
 C = Inter-level travel time spent in this place.
 D = Time resting spent in this place.
 E = Time spent auto-exploring this place.
 F = Levels seen in this place.
 G = Mean time per level.
                   A        B        C        D        E       F      G
               +--------+--------+--------+--------+--------+-----+--------+
         Total |   3556 |   3445 |    111 |    376 |   2487 |   7 |  508.0 |
       Dungeon |   3554 |   3443 |    111 |    376 |   2487 |   6 |  592.3 |
        Temple |      1 |      1 |      0 |      0 |      0 |   1 |    1.0 |
               +--------+--------+--------+--------+--------+-----+--------+

Top non-repeatable levels by time:
     D:5: 870 daAuts
     D:4: 789 daAuts
     D:2: 620 daAuts
     D:3: 610 daAuts
     D:1: 544 daAuts
     D:6: 118 daAuts
  Temple: 1 daAuts
